[Event "Silver Lake Festival 2022"]
[Site "Veliko Gradiste"]
[Date "2022.06.19"]
[Round "1.1"]
[White "Petrovic, Dragan R"]
[Black "Zanan, Evgeny"]
[Result "0-1"]
[ECO "B90"]
[WhiteElo "2143"]
[BlackElo "2534"]
[Annotator "RC"]
[PlyCount "58"]
[EventDate "2022.06.16"]
[EventType "swiss"]
[EventCountry "SRB"]
[SourceTitle "playchess.com"]
[Source "ChessBase"]
[SourceQuality "1"]
[TimeControl "5400+30"]

1. e4 c5 2. Nf3 d6 3. d4 cxd4 4. Nxd4 Nf6 5. Nc3 a6 6. Rg1 e5 7. Nb3 Be6 8. g4 d5 9. g5 Nxe4 10. Nxe4 dxe4 11. Qxd8+ Kxd8 12. Bg2 Kc7 13. Bxe4 Nc6 14. Bd2 h6 15. gxh6 g6 16. f4 Bxh6 17. Bxc6 Kxc6 18. fxe5 Bxb3 19. Bxh6 Rxh6 20. axb3 Re8 21. O-O-O Rxe5 22. Rdf1 f5 23. Rf4 Kd6 24. h4 Ke6 25. Rb4 b5 26. Kd2 Kd5 27. Ra1 Kc5 28. Rf4 g5 29. hxg5 Rd6+ 0-1

[Event "Silver Lake Festival 2022"]
[Site "Veliko Gradiste"]
[Date "2022.06.19"]
[Round "1.2"]
[White "Strikovic, Aleksa"]
[Black "Srdanovic, Jovana"]
[Result "1-0"]
[ECO "A11"]
[WhiteElo "2502"]
[BlackElo "2127"]
[Annotator "TA"]
[PlyCount "177"]
[EventDate "2022.06.16"]
[EventType "swiss"]
[EventCountry "SRB"]
[SourceTitle "playchess.com"]
[Source "ChessBase"]
[SourceQuality "1"]
[TimeControl "5400+30"]

1. c4 c6 2. Qa4 Nf6 3. Nc3 e5 4. Nf3 {[%emt 0:00:10] [#]} Qc7 $146 ({Predecessor:} 4... Bd6 5. Qc2 O-O 6. d4 exd4 7. Nxd4 Be5 8. Nf3 Bxc3+ 9. bxc3 d5 10. e3 Re8 {½-½ (47) Dvoirys,S (2538)-Raznikov,D (2489) Jerusalem 2013}) 5. d4 d6 6. e4 {[%emt 0:00:07] A11: English Opening: 1...c6.} Nbd7 7. Be2 Be7 8. O-O {[%emt 0:00:34] White is slightly better.} O-O 9. Qc2 a5 10. Be3 $1 exd4 11. Nxd4 Nc5 12. b3 Ng4 13. Bxg4 (13. Bf4 {is more complex.} Ne6 14. Nxe6 fxe6 15. Bd2) 13... Bxg4 14. f3 Bd7 15. Rad1 Bf6 16. Qd2 Rad8 17. Nde2 Bc8 18. Bd4 Bxd4+ 19. Qxd4 Qe7 {[%emt 0:03:41] Inhibits e5.} 20. Ng3 Qe5 21. Rd2 g6 22. Nge2 f5 23. exf5 Bxf5 24. Rfd1 Qxd4+ 25. Rxd4 Rf6 26. Kf2 h5 27. Ng3 Kf7 28. Nxf5 (28. h4 {keeps more tension.} Ke7 29. R4d2 Re8 30. Nce2) 28... gxf5 29. Ne2 Ke7 30. Ng3 Ne6 31. Rh4 Ng7 32. Ne2 Rh8 33. Rhd4 h4 34. R4d2 Nh5 35. Rd4 Ng7 $1 36. a3 Rhh6 37. b4 axb4 38. axb4 Kd7 39. Nf4 Nh5 (39... Rf8 $14) 40. Ne2 Ng7 $1 41. b5 Kc7 42. R4d2 Rh8 43. Ra1 $36 {[%emt 0:00:20][%mdl 2048] Inhibits Ra8. Keeping Black busy.} Ne6 44. bxc6 Kxc6 45. Nc3 Rg6 46. Nd5 {[%emt 0:00:21] Prevents Nf4.} Rh7 {[%emt 0:00:45] Inhibits Ne7+.} 47. Rb1 Nc5 48. Rb6+ Kd7 49. Nf4 Rgh6 50. Rd5 Kc7 51. Rb1 Rf7 52. Re1 Kc6 53. Re8 Kd7 54. Rg8 Ne6 55. Nd3 {[%emt 0:00:33] [#] aiming for Ne5+. White is more active.} Rg7 56. Nc5+ Ke7 (56... Kc6 $142 57. Rxg7 (57. Rc8+ Rc7 $17) 57... Nxg7) 57. Rxg7+ $16 Nxg7 58. Nxb7 {[%emt 0:00:09][%mdl 4096] Endgame KRN-KRN} Rf6 59. Na5 Ne6 (59... Rf8 $16 {is a better defense.} 60. Rd4 h3 61. gxh3 Rc8) 60. Nb3 $2 (60. Nc6+ $18 {and the rest is easy.} Kd7 61. Nd4) 60... Rf8 61. Nd4 Nxd4 62. Rxd4 {[%emt 0:00:01] KR-KR} f4 (62... Rh8 $142) 63. Re4+ Kd7 64. g4 ({White should play} 64. Kf1 $16) 64... fxg3+ $11 65. hxg3 hxg3+ 66. Kxg3 Kc6 $1 67. f4 d5 68. cxd5+ Kxd5 69. Re5+ Kd6 $1 70. Kg4 Rg8+ 71. Kf5 Rf8+ $1 72. Ke4 Ra8 73. Kf5 Rf8+ $1 74. Kg4 (74. Kg5 $5 ) 74... Rg8+ 75. Kf3 Rg1 76. Re2 {[%emt 0:00:13] Black must now prevent f5.} Kd7 77. f5 {[%emt 0:00:14] Threatens to win with Kf4.} Rg8 $1 78. Kf4 Re8 $1 79. Rg2 {[%emt 0:02:51] Hoping for Rg7+.} Ke7 $1 80. Rg7+ Kf6 81. Rg6+ Kf7 82. Kg5 Ra8 83. Rf6+ Kg7 84. Rb6 {[%emt 0:00:14] White threatens f6+ and mate.} Kf7 85. Rb7+ Kf8 $2 {[%emt 0:00:54][%mdl 8192] [#] A mistake that costs the game.} (85... Kg8 $11) 86. Kg6 {[%emt 0:00:06] White mates.} Kg8 87. f6 Rc8 88. Rg7+ Kh8 89. Rh7+ {[%emt 0:00:05] Weighted Error Value: White=0.14 (very precise) /Black=0.12 (very precise)} 1-0

[Event "Silver Lake Festival 2022"]
[Site "Veliko Gradiste"]
[Date "2022.06.19"]
[Round "1.3"]
[White "Efremov, Vladislav"]
[Black "Stremavicius, Titas"]
[Result "0-1"]
[ECO "A85"]
[WhiteElo "2125"]
[BlackElo "2508"]
[Annotator "TA"]
[PlyCount "72"]
[EventDate "2022.06.16"]
[EventType "swiss"]
[EventCountry "SRB"]
[SourceTitle "playchess.com"]
[Source "ChessBase"]
[SourceQuality "1"]
[TimeControl "5400+30"]

1. d4 f5 2. c4 Nf6 3. Nc3 e6 4. e3 b6 5. Bd3 Bb7 6. f3 g6 {[%emt 0:09:35] A85: Dutch Defence: 2 c4 Nf6 3 Nc3.} 7. Nge2 Bg7 8. Qc2 (8. O-O $142) 8... Qe7 {[%emt 0:07:53] Black has an edge.} 9. O-O O-O 10. a3 {[%emt 0:02:17] [#]} c5 $146 ({Predecessor:} 10... d6 11. Bd2 Nbd7 12. e4 fxe4 13. Nxe4 Nxe4 14. Bxe4 Bxe4 15. Qxe4 e5 16. Rae1 Qf7 {1-0 (54) Ligterink,G (2430)-Bohm,H (2410) Leeuwarden 1981}) 11. b4 Nc6 12. bxc5 (12. Rb1 $5 ) 12... bxc5 13. Rb1 Rab8 14. Na4 d6 15. dxc5 dxc5 16. Bb2 {[%emt 0:03:42] Inhibits Ne5.} Rbd8 (16... Bh6 $15 17. Nf4 Nh5) 17. Nec3 (17. Nf4 $11) 17... g5 (17... Ne5 $17 18. Be2 Bc6) 18. Rbd1 {[%emt 0:01:31] [#]} (18. Ne2 $11 {remains equal.}) 18... Ne5 $1 $17 19. Be2 g4 {[%emt 0:00:53] White must now prevent ...gxf3.} 20. f4 {[%emt 0:01:39] Strongly threatening Rxd8.} Ng6 21. Rxd8 Rxd8 22. Rd1 Rb8 23. Qd2 Bc6 24. Ba1 Bf8 (24... Ne4 $17 25. Qe1 Nh4 26. Nxe4 Bxa4 27. Bxg7 Kxg7) 25. Nb2 $15 Qb7 (25... Rb3 $17 {[%cal Oc6g2] Hoping for ...Bxg2!} 26. Nd3 Rxa3) 26. Bf1 $11 Qb3 27. a4 {[%emt 0:02:54] [#]} (27. Qe1 $11) 27... Ne4 $1 $17 {[%emt 0:03:31] 0x0.0022293457f3dp-1022s more active pieces.} 28. Nxe4 Bxe4 29. Nd3 Rd8 ({But not} 29... Qxa4 30. Nf2 Bb1 31. Bf6 $11) ({Reject} 29... Qxc4 30. Ne5 Qxa4 31. Nd7 $14) 30. Be2 Qxc4 ({Black should try} 30... Qxa4 $17 31. Qc1 Qc6) 31. Qc3 (31. Ne1 $1 $11 {was the only way to keep the balance.} Rxd2 32. Bxc4) 31... Qxc3 32. Bxc3 c4 $36 {[%emt 0:05:49][%mdl 2048] Keeping White busy.} 33. Nb2 Rxd1+ 34. Nxd1 Bc5 35. Bxc4 (35. Kf1 $17) 35... Nxf4 $1 $19 36. Nf2 $2 (36. Be5 Nd5 37. Bd4 Bxd4 38. exd4) 36... Bxe3 {[%emt 0:00:12] Weighted Error Value: White=0.36/Black=0.16 (very precise)} 0-1

[Event "Silver Lake Festival 2022"]
[Site "Veliko Gradiste"]
[Date "2022.06.19"]
[Round "1.4"]
[White "Sadikhov, Ulvi"]
[Black "Furman, Boris"]
[Result "1/2-1/2"]
[ECO "C00"]
[WhiteElo "2491"]
[BlackElo "2121"]
[Annotator "TA"]
[PlyCount "73"]
[EventDate "2022.06.16"]
[EventType "swiss"]
[EventCountry "SRB"]
[SourceTitle "playchess.com"]
[Source "ChessBase"]
[SourceQuality "1"]
[TimeControl "5400+30"]

1. Nf3 d5 2. g3 Nf6 3. Bg2 e6 4. O-O b5 5. d3 Be7 6. Nbd2 O-O 7. e4 c5 8. Re1 Nc6 9. exd5 exd5 10. a4 {[%emt 0:00:07] C00: French: Unusual White 2nd moves.} b4 11. Nb3 h6 (11... Bf5 $11) 12. Bf4 {[%emt 0:07:12] [#]} (12. Be3 $14) 12... Bg4 $146 ({Predecessor:} 12... Be6 13. Qd2 Rc8 14. Ne5 Nxe5 15. Bxe5 Nd7 16. Bf4 Bg5 17. h4 Bxf4 18. Qxf4 Qf6 19. Qxf6 Nxf6 {1-0 (45) Bocharov,D (2558)-Johannessen,L (2487) Minsk 2015}) 13. h3 Bh5 14. g4 Bg6 15. Ne5 Nxe5 16. Bxe5 Bd6 17. f4 Rc8 18. f5 Bh7 19. Qf3 Re8 20. Bxf6 Qxf6 21. Qxd5 Red8 {[%emt 0:02:03][%cal Od6h2] [#] Strongly threatening ...Bh2+!} 22. Qc4 Qxb2 23. Bd5 Qf6 24. Re2 h5 25. Rae1 hxg4 26. hxg4 Kf8 27. Na5 Re8 (27... Bg3 $5 28. Rb1 Bb8 $11) 28. Rxe8+ Rxe8 29. Rxe8+ Kxe8 30. Qb5+ ({White should play} 30. Nb7 $14) 30... Kf8 $11 {[%emt 0:01:06] [#] aiming for ...Qd4+. The position is equal.} 31. Qb7 {[%emt 0:00:48] Intending Qc8+ and mate. Active counter play!} g6 $1 32. Nc4 Be7 {[%emt 0:01:57] White should prevent ...Qd4+.} 33. fxg6 Bxg6 {[%emt 0:00:21] Threatens to win with ...Qd4+.} 34. Qb8+ Kg7 35. Qe5 b3 36. cxb3 Bxd3 37. Kg2 {[%emt 0:01:07] Weighted Error Value: White=0.13 (very precise) /Black=0.12 (very precise)} 1/2-1/2

[Event "Silver Lake Festival 2022"]
[Site "Veliko Gradiste"]
[Date "2022.06.19"]
[Round "1.5"]
[White "Mamedov, Edgar"]
[Black "Song, Raymond"]
[Result "1/2-1/2"]
[ECO "D38"]
[WhiteElo "2004"]
[BlackElo "2485"]
[Annotator "TA"]
[PlyCount "79"]
[EventDate "2022.06.16"]
[EventType "swiss"]
[EventCountry "SRB"]
[SourceTitle "playchess.com"]
[Source "ChessBase"]
[SourceQuality "1"]
[TimeControl "5400+30"]

1. d4 Nf6 2. c4 e6 3. Nf3 d5 4. Nc3 Bb4 5. Qa4+ Nc6 6. Bg5 h6 7. Bxf6 Qxf6 8. e3 O-O {[%emt 0:00:10] D38: Queen's Gambit Declined: Ragozin Defence (4 Nf3 Bb4).} 9. Rc1 Bd7 10. cxd5 exd5 {[%emt 0:00:13] White has an edge.} 11. Qb3 a5 {[%emt 0:02:57] [#]} 12. a3 $146 ({Predecessor:} 12. Bb5 a4 13. Bxa4 Bxc3+ 14. Rxc3 Na5 15. Qb4 Bxa4 16. Qxa4 Nc4 17. Qb3 c6 18. O-O {1-0 (57) Lomaia,D (1846)-Leitao,R (2592) Chess.com INT 2022}) 12... Bd6 (12... Bxc3+ $14 13. Rxc3 Qd6) 13. Qxd5 $16 Qg6 14. Ne5 (14. g3 $16) 14... Bxe5 $11 (14... Nxe5 15. dxe5 Bc6 16. Qd4 $14) 15. dxe5 ({Of course not} 15. Qxd7 Rad8 16. Qh3 Bxd4 $1 $17) 15... Rad8 (15... Be6 $11 16. Qb5 Rfd8) 16. Bd3 (16. f4 $1 $16) 16... Qh5 17. Qe4 {[%emt 0:03:54][%csl Gd3][%cal Re4h7] Prevents Bf5.} g6 18. Be2 Qxe5 19. Qxe5 Nxe5 20. f4 Ng4 21. Nd5 {[%emt 0:03:15] And now Bxg4 would win.} Be6 22. Bxg4 Bxd5 23. Bf3 Bxf3 24. gxf3 $15 {[%emt 0:00:04][%mdl 4096] Endgame KRR-KRR} Rd3 25. Ke2 Rb3 26. Rhd1 Rxb2+ 27. Rd2 Rxd2+ 28. Kxd2 $17 {[%emt 0:00:06] KR-KR} Rd8+ 29. Ke2 c6 30. Rc5 Ra8 31. a4 Kg7 32. e4 Kf6 33. f5 g5 34. f4 g4 ({Not} 34... gxf4 35. Kf3) (34... Ra6 $142 $1 35. Kf3 b5 36. axb5 cxb5 37. Rxb5 (37. fxg5+ $2 hxg5 38. Rxb5 a4 $19) 37... a4) 35. Kf2 h5 {[%emt 0:00:30] Threatens to win with ...Rd8.} 36. Kg3 Re8 (36... Rd8 $1 $17 {[%cal Rd8d3] Hoping for ...Rd3+.} 37. Kh4 Rd4) 37. Rc4 $11 Ra8 {[%emt 0:00:05] [#]} (37... Kg7 $11 {remains equal.}) 38. e5+ $2 (38. Kh4 $1 $16 {keeps the pressure on.}) 38... Ke7 $4 {[%emt 0:08:59][%mdl 8192] [#]} (38... Kxf5 $19 {and life is good for Black.} 39. Rc5 h4+ 40. Kxh4 Rh8+ 41. Kg3 Rh3+ 42. Kg2 Kxf4) 39. Kh4 $1 $18 {[%emt 0:00:20][%mdl 1024] White has strong compensation.} b5 $2 (39... Kd7 $16) 40. Rd4 $4 {[%emt 0:00:21][%mdl 40960] Weighted Error Value: White=0.41/Black=0.47. An unexpected result.} (40. Rxc6 $18 {is the narrow road to win.} bxa4 41. Rc7+ Kf8 42. Kxh5) 1/2-1/2

[Event "Silver Lake Festival 2022"]
[Site "Veliko Gradiste"]
[Date "2022.06.19"]
[Round "1.6"]
[White "Ramoutar, Alan-Safar"]
[Black "Poupalos, Nikolaos"]
[Result "1-0"]
[ECO "B43"]
[WhiteElo "2477"]
[BlackElo "2107"]
[Annotator "TA"]
[PlyCount "41"]
[EventDate "2022.06.16"]
[EventType "swiss"]
[EventCountry "SRB"]
[SourceTitle "playchess.com"]
[Source "ChessBase"]
[SourceQuality "1"]
[TimeControl "5400+30"]

1. e4 c5 2. Nc3 a6 3. g3 b5 4. Bg2 Bb7 5. Nge2 e6 6. d4 cxd4 7. Nxd4 Nf6 8. a3 d6 9. O-O Qc7 10. Re1 {[%emt 0:02:35] Threatening a4. B43: Sicilian: Kan Variation: 5 Nc3.} Be7 11. a4 b4 12. Na2 {[%emt 0:03:17] White is slightly better.} d5 (12... O-O $14) 13. exd5 $1 $16 Bxd5 {[%emt 0:49:27] [#]} (13... Nxd5 $16 {might work better.} 14. Nxe6 fxe6) 14. Nf5 $146 ({Predecessor:} 14. Bxd5 Nxd5 15. Nf5 Kf8 16. Nxe7 Qxe7 17. c4 bxc3 18. Nxc3 Nxc3 19. bxc3 Kg8 20. Qf3 {1-0 (32) Jazdanovs,A (2188)-Solomka,N (1895) Riga 2018}) 14... exf5 (14... Bxg2 $2 15. Nxg7+ Kf8 16. Bh6) 15. Bxd5 Nxd5 (15... Ra7 $142 16. Be3 (16. Bf4 Qc8 $18) 16... O-O 17. Bxa7 Qxa7) 16. Qxd5 Nc6 $2 {[%emt 0:00:30] [#]} (16... Ra7 17. Be3 (17. Qxf5 O-O $16) (17. Bf4 Qb7 $18) 17... Rb7) 17. Nxb4 $1 Rc8 (17... O-O 18. Nxc6) 18. Bd2 Qd7 19. Rad1 {[%emt 0:00:30] White is clearly winning.} Qb7 {[%emt 0:00:30] [#]} (19... Qxd5 $142 20. Nxd5 Rd8) 20. Nxc6 (20. Rxe7+ $142 $1 Qxe7 21. Nxc6) 20... Qxc6 21. Bb4 {White took control after the opening.  Weighted Error Value: White=0.18 (very precise) /Black=0.81} 1-0

[Event "Silver Lake Festival 2022"]
[Site "Veliko Gradiste"]
[Date "2022.06.19"]
[Round "1.7"]
[White "Thrish Karthik"]
[Black "Damljanovic, Branko"]
[Result "0-1"]
[ECO "B30"]
[WhiteElo "2095"]
[BlackElo "2469"]
[Annotator "TA"]
[PlyCount "104"]
[EventDate "2022.06.16"]
[EventType "swiss"]
[EventCountry "SRB"]
[SourceTitle "playchess.com"]
[Source "ChessBase"]
[SourceQuality "1"]
[TimeControl "5400+30"]

1. e4 c5 2. Nc3 Nc6 3. Bb5 Nd4 4. Nf3 e6 5. O-O a6 6. Bd3 Nc6 {[%emt 0:05:33] B30: Sicilian: 2...Nc6 3 Bb5, lines without ...g6.} 7. Re1 {[%emt 0:00:00] 7.e5 is a critical line.} (7. Be2 $14) 7... d6 (7... g5 $5 8. g3 d6 $11) 8. b3 (8. Bc4 $11) 8... Be7 (8... g5 $15 9. g3 Bg7) 9. Bb2 $11 e5 10. Nd5 Nf6 {[%emt 0:00:09] [#]} 11. Nxf6+ $146 (11. c3 $14 {was preferrable.}) ({Predecessor:} 11. c3 O-O 12. Nxe7+ Qxe7 13. h3 Nh5 14. Bf1 Nf4 15. d4 Qf6 16. Kh2 g5 17. d5 {0-1 (61) Mikes,J (2349)-Babula,V (2576) Usti nad Labem 2022}) 11... Bxf6 12. Bc4 O-O 13. h3 Rb8 14. c3 b5 15. Bd5 Ne7 16. c4 g6 17. Qc2 Bg7 18. b4 Nxd5 19. cxd5 cxb4 20. d4 f6 21. Rac1 Bh6 22. Rb1 Bd7 23. Qb3 a5 24. Bc1 {[%emt 0:00:00] [#]} Bxc1 25. Rbxc1 {[%emt 0:00:00] [#]} Qb6 $1 26. Rc2 Rbc8 ({And not} 26... exd4 27. Qb2 $15) 27. Rec1 Kg7 28. Qe3 Rxc2 29. Rxc2 Rc8 ({Don't take} 29... f5 30. exf5 a4 31. dxe5 Qxe3 32. f6+ (32. fxe3 Bxf5 33. Rc7+ Kh6 $14) 32... Kg8 33. fxe3 $16) 30. Rxc8 Bxc8 31. dxe5 $2 {[%emt 0:00:04][%mdl 8192] Loses the game.} (31. Qc1 $17 {is a better chance.} Bd7 32. dxe5 dxe5 33. h4) 31... Qxe3 $19 32. fxe3 dxe5 $17 {[%emt 0:00:24][%mdl 4096] Endgame KB-KN} 33. Nd2 a4 {[%emt 0:01:33] Against Nb3. aiming for ...f5.} 34. Kf2 Kf7 35. Ke2 Ke7 36. Kd3 Kd6 37. g4 $2 (37. Kc2) 37... h5 $19 38. gxh5 gxh5 39. h4 Bh3 {[%emt 0:00:22] White must now prevent ...Bg2.} 40. Kc2 Kc5 41. Kd3 Bg2 {[%emt 0:04:27][%cal Of6f5] Hoping for ...f5!} 42. Kc2 f5 43. exf5 Bxd5 44. Kb2 (44. Kb1 $142) 44... e4 45. Kb1 Kd6 46. Nf1 Ke5 (46... Bf7 $142 47. Ka1 Ke5 48. Ng3 a3 49. f6 b3 50. axb3 Bxb3 51. Ne2 Bc4 52. f7 Bxf7 53. Nd4 Bc4 54. Nc2 Kf5 55. Nb4 Kg4 56. Na6 Kf3 57. Nb4 Kxe3 58. Nc2+ Kf4 59. Nb4 e3 60. Kb1 e2 61. Nc2 Bd3 62. Kc1 Bxc2 63. Kxc2 e1=Q 64. Kb3 Qc1 65. Kb4 a2 66. Kxb5 a1=Q 67. Kb4 Qcc3+ 68. Kb5 Qaa5#) 47. Ng3 Bf7 48. Kb2 a3+ 49. Kb1 b3 50. axb3 Bxb3 {[%emt 0:00:05] ( -> ...Bc4)} 51. Ne2 Bc4 52. Nd4 b4 {[%emt 0:02:11] Weighted Error Value: White=1.16/Black=0.32} 0-1

[Event "Silver Lake Festival 2022"]
[Site "Veliko Gradiste"]
[Date "2022.06.19"]
[Round "1.8"]
[White "Mohammad Nubairshah Shaikh"]
[Black "Papaioannou, Dimitrios"]
[Result "1-0"]
[ECO "E60"]
[WhiteElo "2443"]
[BlackElo "2078"]
[Annotator "TA"]
[PlyCount "75"]
[EventDate "2022.06.16"]
[EventType "swiss"]
[EventCountry "SRB"]
[SourceTitle "playchess.com"]
[Source "ChessBase"]
[SourceQuality "1"]
[TimeControl "5400+30"]

1. Nf3 Nf6 2. c4 g6 3. b3 Bg7 4. Bb2 O-O 5. d4 d6 6. Nc3 {[%emt 0:00:05] E60: King's Indian: Unusual lines and Fianchetto Variation without Nc3.} Bf5 7. e3 Nc6 8. Be2 {[%emt 0:03:02] The position is equal.} e5 9. d5 Nb4 {[%emt 0:00:40] Threatens to win with ...Nc2+.} 10. O-O a5 11. a3 Na6 {[%emt 0:01:09] [#]} 12. Nh4 $146 ({Predecessor:} 12. Re1 Re8 13. Bf1 Nc5 14. b4 Nce4 15. Nd2 Nxf2 16. Kxf2 Ng4+ 17. Kg1 Qh4 18. h3 {0-1 (29) Gawehns,K (2476)-Kerekes,J (2313) IECC email 2001}) 12... Nxd5 13. Nxf5 (13. Qxd5 c6 14. Qd2 Qxh4 $17) 13... Nxc3 14. Bxc3 gxf5 15. Bxa5 e4 16. Ra2 Kh8 17. g3 Nc5 18. Bb4 Nd7 19. Qd5 {[%emt 0:07:42][%csl LRb7,LRf5] White now steadily converts the win.} Be5 (19... Ne5 $142) 20. f4 $16 (20. Qxb7 $6 c5 21. Be1 Rb8 $16) 20... exf3 21. Qxf3 Rg8 22. Bd3 ({Don't take} 22. Qxf5 $6 Bxg3 23. Kh1 (23. hxg3 $2 Rxg3+ 24. Kf2 Qh4 $19) 23... Be5 $14) (22. Qxb7 $6 Rb8 23. Qg2 Qg5 $14) 22... Qg5 23. Bxf5 ({Don't play} 23. Qxf5 Qh6 $16) 23... Nf6 24. a4 Rg7 25. Rg2 Rag8 (25... c6 $142 26. Bd2 Ng8) 26. Bd2 $18 {[%emt 0:00:37] This bishop pair is nice.} Ne8 27. Qxb7 Bc3 28. Bc1 ({Resist} 28. Bxc3 Qxe3+ 29. Rgf2 Qxc3 $18) 28... Nf6 29. Qf3 Ne8 30. Kh1 Qe7 31. e4 Qf6 32. b4 d5 33. exd5 Nd6 34. Rc2 Be5 35. Bd3 Qe7 36. Re2 Rxg3 37. hxg3 {[%emt 0:00:10] [#] Hoping for Qh5.} Rxg3 38. Qxg3 {[%emt 0:00:16] Weighted Error Value: White=0.13 (very precise) /Black=0.57} 1-0

[Event "Silver Lake Festival 2022"]
[Site "Veliko Gradiste"]
[Date "2022.06.19"]
[Round "1.9"]
[White "Tisma, Ivan"]
[Black "Radovanovic, Nikola"]
[Result "0-1"]
[ECO "A24"]
[WhiteElo "2057"]
[BlackElo "2423"]
[Annotator "TA"]
[PlyCount "84"]
[EventDate "2022.06.16"]
[EventType "swiss"]
[EventCountry "SRB"]
[SourceTitle "playchess.com"]
[Source "ChessBase"]
[SourceQuality "1"]
[TimeControl "5400+30"]

1. c4 Nf6 2. Nc3 g6 3. Nf3 Bg7 4. g3 O-O 5. Bg2 d6 6. O-O e5 7. d3 c6 8. Rb1 Re8 9. Nd2 {[%emt 0:01:51] A24: English Opening vs King's Indian: Lines without ...Nc6.} d5 10. cxd5 cxd5 11. b4 {[%emt 0:01:29] The position is equal.} Be6 {[%emt 0:04:15] [#]} 12. Na4 $146 ({Predecessor:} 12. Nb3 Nbd7 13. Bg5 h6 14. Bd2 b6 15. Rc1 a6 16. a4 Ra7 17. a5 b5 18. Nc5 Nxc5 19. bxc5 {0-1 (31) Vescovi,K-Gazikova,V (1750) Kemer 2009}) 12... b6 13. b5 {[%emt 0:26:50] Inhibits Nc6.} (13. Nf3 $11) 13... Nbd7 $15 14. Ba3 h5 15. e3 h4 16. Nf3 hxg3 17. hxg3 Ng4 {[%emt 0:01:14] aiming for ...e4.} 18. Bb4 $2 (18. e4 $17 {is a better defense.}) 18... e4 $19 19. dxe4 dxe4 20. Nd4 Bxd4 21. exd4 $2 (21. Qxd4 Qg5 22. f3 (22. Bc3 $2 Nde5 $19) 22... Qxe3+ 23. Qxe3 Nxe3 24. Rfe1 Nxg2 25. Kxg2) 21... Qg5 {[%emt 0:01:26] Black is clearly winning.} 22. Nb2 Qh5 {[%emt 0:06:23][%csl Gg4][%cal Rh5h2] [#]} 23. Re1 Bd5 24. Re3 Qh2+ 25. Kf1 Nxe3+ 26. fxe3 Re6 27. Be1 Rf6+ 28. Bf2 Qxg3 {[%emt 0:00:29][%csl Gf6][%cal Rg3f2] [#]} 29. Qe2 Qh2 {[%emt 0:02:45] Threatens to win with ...Rc8.} 30. Rc1 Rf5 31. Qg4 Nf6 32. Qh3 Qxh3 33. Bxh3 Rh5 34. Bc8 Bxa2 35. Ba6 Kg7 36. Rc3 Rah8 {[%emt 0:00:30] Hoping for ...Rh1+.} 37. Bg3 Rh1+ 38. Kg2 Rb1 39. Na4 Nd5 {[%emt 0:03:06][%cal Oa2c4] And now ...Bc4! would win.} 40. Ra3 Bb3 {[%emt 0:00:13] ( -> ...Bd1)} 41. Bb7 Nxe3+ 42. Kf2 Nc4 {[%emt 0:00:29] White did not feel at home in the position after the opening.  Weighted Error Value: White=1.08/Black=0.16 (very precise)} 0-1

[Event "Silver Lake Festival 2022"]
[Site "Veliko Gradiste"]
[Date "2022.06.19"]
[Round "1.10"]
[White "Krstulovic, Alex"]
[Black "Kandjolas, Konstantin"]
[Result "1-0"]
[ECO "E97"]
[WhiteElo "2413"]
[BlackElo "2031"]
[Annotator "TA"]
[PlyCount "49"]
[EventDate "2022.06.16"]
[EventType "swiss"]
[EventCountry "SRB"]
[SourceTitle "playchess.com"]
[Source "ChessBase"]
[SourceQuality "1"]
[TimeControl "5400+30"]

1. d4 Nf6 2. Nf3 g6 3. c4 Bg7 4. Nc3 O-O 5. e4 d6 6. Be2 e5 7. O-O Nc6 8. d5 Ne7 9. Kh1 Nd7 10. g4 {[%emt 0:00:30] E97: King's Indian: Classical Main Line (6...e5 7 0-0 Nc6): 8 Be3 and 8 d5 Ne7, not 9 Ne1.} f5 11. gxf5 gxf5 12. Rg1 {[%emt 0:00:00] [#] White is better.} f4 $146 (12... Nf6 $14) ({Predecessor:} 12... Nc5 13. Be3 Nxe4 14. Nxe4 fxe4 15. Ng5 Nf5 16. Nxe4 Nxe3 17. fxe3 Qh4 18. Bg4 Bf5 19. Bxf5 Rxf5 {1-0 (28) Sedlak,N (2580)-Elkin,L (2159) St Petersburg 2011}) 13. Ng5 $16 Nf6 14. Bh5 ({White should try} 14. b3 $16) 14... h6 ({Black should play} 14... Bd7 $14) 15. Ne6 {[%emt 0:00:00] White is more active.} Bxe6 16. dxe6 Nxh5 (16... c6 $16 {was necessary.}) 17. Qxh5 $18 Rf6 (17... Kh8 18. b3 (18. Qg4 Rg8 $16) 18... Qe8) 18. Nd5 ({Not} 18. Qg4 Rg6 19. Qh3 Rxg1+ 20. Kxg1 Ng6 $11) 18... Nxd5 19. cxd5 ({Less strong is} 19. exd5 Qe8 20. Qg4 Qf8 $18) 19... Kh7 20. Bd2 {[%emt 0:00:00] [#] Threatens to win with Rg2.} ({Weaker is} 20. Qg4 Qe7 21. Bd2 Rg8 $18) 20... Qe7 21. Rg2 Rg8 22. Rag1 Rff8 23. f3 {[%emt 0:00:00] And now Be1 would win.} Qe8 (23... Bf6 $142 24. Rg6 Bg5) 24. Rg6 {[%emt 0:00:00] [#] White threatens Be1 and mate.} Qe7 25. Be1 {[%emt 0:00:00] Weighted Error Value: White=0.10 (very precise) /Black=0.77} 1-0